 Dungeon Crawl Stone Soup version 0.31.0-32-g396128a36d (webtiles) character file.

Game seed: 18191223263422279005

263 Ardipithecus the Trooper (level 5, -4/51 HPs)
             Began as a Minotaur Berserker on Apr 13, 2024.
             Was a Believer of Trog.
             Killed by divine providence
             ... invoked by an orc priest
              (16 damage)
             ... on level 4 of the Dungeon.
             The game lasted 00:04:06 (2205 turns).

Ardipithecus the Trooper (Minotaur Berserker)       Turns: 2205, Time: 00:04:07

Health: -4/51      AC: 10    Str: 24    XL:     5   Next: 98%
Magic:  4/4        EV: 16    Int:  4    God:    Trog [**....]
Gold:   60         SH:  0    Dex:  9    Spells: 4/4 levels left

rFire   . . .        a - +0 hand axe
rCold   + . .        (no shield)
rNeg    . . .        b - +0 ring mail
rPois   .            j - +1 hat
rElec   .            i - scarf {+Inv}
rCorr   .            (no gloves)
SInv    .            f - +2 pair of boots
Will    .....        (no amulet) Stlth
                     m - +5 ring of evasion
HPRegen 0.28/turn    n - ring of protection from cold
MPRegen 0.09/turn

%: no passive effects
@: on berserk cooldown, slowed, very slow
A: horns 2, retaliatory headbutt
a: Renounce Religion, Evoke Invisibility, Berserk, Trog's Hand


You were on level 4 of the Dungeon.
You worshipped Trog.
Trog was pleased with you.
You visited 1 branch of the dungeon, and saw 4 of its levels.

You collected 60 gold pieces.

Inventory:

Hand Weapons
 a - a +0 hand axe (weapon)
Armour
 b - a +0 ring mail (worn)
 f - a +2 pair of boots (worn)
 i - a scarf of invisibility (worn)
 j - a +1 hat (worn)
Jewellery
 m - a +5 ring of evasion (left hand)
 n - a ring of protection from cold (right hand)
Scrolls
 g - 2 scrolls of enchant weapon
 h - a scroll of brand weapon
 k - a scroll of teleportation
 o - a scroll of revelation {unknown}
 p - a scroll of fear {unknown}
 r - a scroll of fog {unknown}
 t - a scroll of summoning {unknown}
Potions
 d - 2 potions of curing
 e - a potion of enlightenment {unknown}
 l - a potion of cancellation {unknown}
 q - a potion of haste {unknown}
 s - a potion of attraction {unknown}
 u - a potion of might {unknown}


   Skills:
 * Level 6.8 Fighting
 + Level 4.3 Axes
 * Level 3.9 Armour
 * Level 2.7 Dodging


You had 4 spell levels left.
You didn't know any spells.
Your spell library was empty.

Dungeon Overview and Level Annotations

Branches:
Dungeon (4/15)             Temple (0/1) D:4

Altars:
Hepliaklqana

Shops:
D:1 ?   D:2 [   D:3 =

Annotations:
D:4 Ijyb


Innate Abilities, Weirdness & Mutations

You have a pair of horns on your head.
You reflexively headbutt those who attack you in melee.


Message History

You kill the orc!
Trog accepts your kill.
You hit the bush but do no damage. You barely miss the orc.
You hit Ijyb but do no damage. You hit the bush but do no damage. x2
The orc priest hits the bush but does no damage.
Ijyb closely misses you. The orc hits you but does no damage.
The orc priest calls down the wrath of Beogh upon you.
Beogh smites you! Ijyb hits you but does no damage.
Unknown command.
Unknown command.
You feel less confused. The orc priest misses you. Ijyb closely misses you.
The orc misses you.
Unknown command.
Unknown command.
You slash the orc priest!
The orc priest is severely wounded.
You hit the bush but do no damage. You hit Ijyb but do no damage.
You hit the bush. You closely miss the orc. You hit the bush but do no damage.
The orc priest invokes the aid of Beogh against you.
Beogh smites you!
* * * LOW HITPOINT WARNING * * *
Ijyb screams, "Get away!"
Ijyb closely misses you. The orc misses you. The orc priest barely misses you.
The orc barely misses you. Ijyb barely misses you.
Unknown command.
Unknown command.
It was a potion of curing.
You feel better.
The orc priest hits you but does no damage.
Ijyb zaps a wand.
Your will is overpowered!
You are confused.
The orc misses you.
The orc priest invokes the aid of Beogh against you.
Beogh smites you!
* * * LOW HITPOINT WARNING * * *
The orc closely misses you.
Ijyb zaps a wand.
You resist with some effort.
Unknown command.
You feel better.
The orc priest invokes the aid of Beogh against you.
Beogh smites you!
You die...

...# .....#.P.PPP.
.⌠.### ....#.P.....P
.....# ......P.._..P
.....##. .....P.....P #
........ ....P.PPP.P.#
>......#####..........#
.....#......#?PPPPPPP.#
.....#.......).o@.....#
.....#.........)go..###
<....##.....#########
#######<....# # #.....#
# #.....# . ####.....#
. #.......## #
#.......#


You could see Ijyb, an orc priest and an orc.

Vanquished Creatures
  The ghost of tizbic2 the Ducker, an amateur DjGl of Makhleb (D:3)
  Jessica (D:2)
  An iguana (D:3)
  An orc wizard (D:3)
  4 adders
  3 dart slugs
  A ribbon worm (D:4)
  6 orcs
  4 ball pythons
  5 endoplasms
  A giant cockroach (D:3)
  2 goblins
  6 hobgoblins
  5 kobolds
  6 quokkas
  6 bats
  2 frilled lizards
  6 rats
61 creatures vanquished.

Notes
Turn   | Place    | Note
-------+----------+-------------------------------------------
     0 | D:1      | Ardipithecus the Minotaur Berserker began the quest for the
                  | Orb.
     0 | D:1      | Reached XP level 1. HP: 19/19 MP: 0/0
     2 | D:1      | Noticed a gargoyle
     4 | D:1      | Noticed a naga
     4 | D:1      | Noticed a vine stalker
     6 | D:1      | Noticed a barachi
     6 | D:1      | Noticed a demonspawn
     8 | D:1      | Noticed a merfolk
    10 | D:1      | Noticed a demigod
    10 | D:1      | Noticed an octopode
    12 | D:1      | Noticed a djinni
    12 | D:1      | Noticed a spriggan
    14 | D:1      | Noticed a vampire
    14 | D:1      | Noticed a minotaur
    16 | D:1      | Noticed a felid
    18 | D:1      | Noticed a troll
    18 | D:1      | Noticed an elf
    20 | D:1      | Noticed an armataur
    22 | D:1      | Noticed a formicid
    22 | D:1      | Noticed a draconian
    24 | D:1      | Noticed a tengu
    24 | D:1      | Noticed a ghoul
    26 | D:1      | Noticed an oni
    26 | D:1      | Noticed a human
    67 | D:1      | Reached skill level 4 in Fighting
   185 | D:1      | Reached XP level 2. HP: 18/28 MP: 1/1
   630 | D:1      | Found Gaofilee's Magic Scroll Emporium.
   904 | D:2      | Reached skill level 5 in Fighting
   904 | D:2      | Noticed Jessica
   908 | D:2      | Killed Jessica
   909 | D:2      | Reached XP level 3. HP: 31/36 MP: 2/2
   923 | D:2      | Reached ** piety under Trog
  1019 | D:2      | Found Howi Uce's Armour Boutique.
  1055 | D:2      | Reached XP level 4. HP: 41/44 MP: 3/3
  1084 | D:2      | Reached skill level 6 in Fighting
  1486 | D:3      | Found Foileutt's Jewellery Emporium.
  1642 | D:3      | Reached XP level 5. HP: 20/51 MP: 4/4
  1876 | D:3      | Found a runed translucent door.
  1876 | D:3      | Noticed tizbic2's ghost (amateur DjGl)
  2098 | D:3      | Killed tizbic2's ghost
  2136 | D:4      | Found a staircase to the Ecumenical Temple.
  2170 | D:4      | Found a hazy altar of Hepliaklqana.
  2171 | D:4      | Noticed Ijyb
  2205 | D:4      | Killed from afar by an orc priest

Illustrated notes

Levels and vault maps discovered:
D:1:      kb_arrival_jail, layout_basic, serial_shops,
          nicolae_shop_just_a_little_nook
D:2:      layout_basic, serial_shops, shop, uniq_jessica
D:3:      layout_rooms, serial_shops, shop, hellmonk_ghost_happy_afterlife,
          hangedman_decor_peaks_small, hex_large
D:4:      layout_rooms, mainiacjoe_overflow_cross_hatched,
          evilmike_ruin_ashenzari, nicolae_vehumet_radiance,
          xom_confusion_cloud, temple_fountains, uniq_ijyb

Skill      XL: |  1  2  3  4 |
---------------+-------------+-----
Fighting       | 4 5 6 |  6.8
Armour         | 3 |  3.9
Axes           | 4 |  4.3
Dodging        | |  2.7

Action                     |  1- 3 |  4- 6 || total
---------------------------+-------+-------++-------
  Melee: Hand axe          |    49 |    81 ||   130
         Headbutt          |     5 |    11 ||    16
 Invoke: Berserk           |       |     4 ||     4
    Use: Scroll            |       |     3 ||     3
         Potion            |       |     2 ||     2
 Armour: Animal skin       |     6 |       ||     6
         Ring mail         |    29 |    55 ||    84
  Dodge: Dodged            |    43 |    75 ||   118
